Map: Dusk Towers

Players

심리학개론

  • Race: Zerg Zerg
  • League: Master

lllllllll (Probe) - Winner!

  • Race: Protoss Protoss
  • League: Master

VOD

Have the link to the VOD?

Description

Time

  • Played on: Dec. 17, 2015, 5:25 a.m.
  • Length: 13:04
Show
View Real Time Build Order
Export as new Build Order

심리학개론 Zerg 

Build Orders: 3 Hatch before Pool 

Get SALT Encoding   

  12  0:00  Drone  
  13  0:07  Drone  
  14  0:17  Overlord  
  14  0:35  Drone x3  
  17  0:51  Hatchery  
  17  0:54  Drone  
  17  0:58  Drone  
  18  1:20  Hatchery  
  17  1:32  Spawning Pool  
  16  1:34  Drone  
  16  1:37  Drone  
  18  1:40  Drone  
  19  1:51  Drone  
  20  2:04  Drone  
  20  2:05  Drone  
  22  2:11  Drone  
  22  2:15  Drone  
  24  2:18  Queen x2  
  24  2:21  Overlord  
  28  2:33  Queen  
  30  2:38  Drone x3  
  30  2:39  Drone  
  34  2:48  Overlord  
  34  2:49  Drone x2  
  36  3:00  Queen x2  
  40  3:06  Overlord  
  40  3:07  Drone  
  40  3:08  Drone  
  40  3:09  Drone  
  43  3:16  Drone  
  43  3:17  Drone x2  
  46  3:24  Drone x3  
  49  3:29  Drone x5  
  49  3:30  Drone  
  49  3:33  Extractor  
  54  3:34  Extractor  
  54  3:38  Roach Warren  
  52  3:44  Overlord  
  52  3:52  Overlord  
  52  3:54  Spine Crawler  
  51  4:06  Zergling x2  
  51  4:07  Overlord, Zergling x12  
  51  4:08  Overlord  
  56  4:17  Drone x5  
  56  4:18  Overlord  
  61  4:29  Roach  
  61  4:30  Roach  
  65  4:33  Queen x3  
  65  4:35  Overlord  
  71  4:42  Roach x3  
  71  4:44  Overlord  
  77  4:54  Drone  
  77  4:55  Drone x6  
  83  5:08  Drone  
  83  5:09  Drone x4  
  83  5:13  Hatchery  
  87  5:15  Lair  
  87  5:18  Drone  
  87  5:19  Evolution Chamber, Drone  
  88  5:21  Evolution Chamber  
  88  5:28  Overlord x2  
  87  5:34  Extractor  
  87  5:35  Extractor  
  85  5:36  Extractor  
  85  5:37  Drone x5, Overlord  
  85  5:38  Overlord, Extractor  
  85  5:40  Pneumatized Carapace  
  72  6:14  Zerg Ground Armor Level 1  
  72  6:15  Zerg Melee Weapons Level 1  
  72  6:16  Zergling x14  
  72  6:17  Zergling x8  
  83  6:20  Zergling x4  
  83  6:21  Zergling x12  
  83  6:23  Metabolic Boost  
  91  6:27  Overlord x3  
  91  6:39  Queen  
  91  6:40  Spore Crawler, Queen x2  
  91  6:43  Hydralisk Den  
  91  6:46  Drone  
  91  6:47  Drone x11  
  105  6:54  Spore Crawler  
  104  7:08  Spore Crawler  
  99  7:18  Drone  
  99  7:19  Drone x8  
  99  7:25  Muscular Augments  
  96  7:32  Hydralisk  
  96  7:33  Hydralisk x8  
  114  7:41  Drone  
  115  7:47  Hydralisk  
  115  7:48  Hydralisk x5  
  127  7:52  Overlord x2  
  126  7:59  Overlord  
  126  8:03  Baneling Nest  
  125  8:12  Drone x4  
  128  8:16  Zerg Ground Armor Level 2, Zerg Melee Weapons Level 2  
  128  8:24  Drone x3  
  128  8:25  Drone x3  
  128  8:26  Overlord  
  134  8:35  Overlord x2  
  134  8:42  Zergling x2  
  134  8:43  Zergling x28  
  149  8:48  Centrifical Hooks  
  149  8:52  Overlord x3  
  149  9:02  Infestation Pit, Zergling x6  
  151  9:03  Zergling x14  
  151  9:05  Overseer x2  
  151  9:08  Hydralisk x2  
  151  9:09  Hydralisk x3  
  168  9:21  Baneling x4  
  168  9:23  Baneling x16  
  168  9:25  Zergling x12  
  174  9:31  Zergling x2  
  174  9:32  Zergling x18  
  175  9:57  Zergling x2  
  175  9:58  Zergling x16  
  166  10:13  Zergling x12  
  148  10:16  Zergling x2  
  148  10:19  Zergling x2  
  148  10:21  Hive  
  127  10:28  Extractor  
  122  10:29  Zergling x6  
  122  10:30  Baneling, Zergling x6  
  122  10:31  Baneling  
  122  10:35  Zergling x16  
  133  10:39  Baneling Nest  
  133  10:41  Zergling x2  
  126  10:44  Zergling x4  
  126  10:48  Zergling x4  
  122  10:55  Zergling x2  
  117  11:04  Extractor  
  116  11:16  Hydralisk x10  
  136  11:19  Baneling x14  
  136  11:25  Zergling x10  
  142  11:37  Zergling x10  
  142  11:38  Zergling x12  
  153  11:41  Baneling x10  
  153  11:42  Baneling x10  
  153  11:43  Zergling x2  
  154  11:47  Hatchery  
  154  11:53  Zergling x10  
  154  11:54  Zergling x4  
  136  12:12  Zergling x14  
  136  12:13  Hatchery  
  123  12:17  Zergling x12  
  128  12:23  Ultralisk Cavern  
  128  12:29  Zergling x2  
  87  12:40  Drone x10  
  87  12:43  Drone x5  
Show
View Real Time Build Order
Export as new Build Order

lllllllll Protoss - Winner!

Build Orders: Nexus First 

Get SALT Encoding   

  12  0:01  Probe (Chrono Boost)  
  13  0:12  Probe (Chrono Boost)  
  14  0:22  Probe (Chrono Boost), Pylon  
  15  0:40  Probe (Chrono Boost)  
  16  0:50  Probe (Chrono Boost)  
  17  0:58  Nexus  
  17  1:09  Gateway  
  17  1:14  Probe (Chrono Boost)  
  18  1:21  Assimilator  
  18  1:24  Probe (Chrono Boost)  
  19  1:26  Assimilator  
  19  1:35  Probe (Chrono Boost)  
  19  1:38  Forge  
  20  1:45  Probe (Chrono Boost)  
  21  1:56  Probe (Chrono Boost)  
  21  1:59  Cybernetics Core  
  22  2:06  Probe (Chrono Boost)  
  23  2:11  Probe (Chrono Boost)  
  23  2:15  Protoss Ground Weapons Level 1  
  24  2:17  Probe (Chrono Boost)  
  24  2:20  Zealot (Chrono Boost)  
  24  2:22  Probe (Chrono Boost)  
  28  2:28  Probe (Chrono Boost)  
  29  2:34  Probe (Chrono Boost)  
  30  2:40  Probe (Chrono Boost)  
  31  2:44  Stalker (Chrono Boost)  
  31  2:45  Probe (Chrono Boost)  
  34  2:52  Mothership Core (Chrono Boost)  
  34  2:56  Pylon  
  34  2:58  Probe (Chrono Boost), Warp Gate  
  37  3:10  Probe (Chrono Boost)  
  38  3:15  Probe (Chrono Boost)  
  38  3:18  Sentry  
  41  3:21  Probe (Chrono Boost)  
  41  3:25  Probe (Chrono Boost)  
  43  3:32  Probe (Chrono Boost)  
  44  3:35  Nexus  
  44  3:36  Probe (Chrono Boost)  
  44  3:39  Stargate  
  44  3:40  Pylon  
  45  3:43  Probe (Chrono Boost)  
  46  3:52  Pylon  
  46  3:58  Probe x2 (Chrono Boost)  
  48  4:04  Protoss Ground Armor Level 1 (Chrono Boost)  
  48  4:09  Probe x2 (Chrono Boost)  
  48  4:14  Robotics Facility  
  48  4:19  Probe x2 (Chrono Boost)  
  48  4:20  Assimilator x2  
  50  4:30  Probe x2, Phoenix (Chrono Boost)  
  54  4:38  Pylon  
  54  4:42  Probe x2  
  56  4:48  Probe  
  56  4:50  Phoenix (Chrono Boost)  
  59  4:54  Probe x2  
  59  4:55  Pylon  
  61  5:03  Immortal (Chrono Boost)  
  61  5:04  Probe  
  61  5:06  Probe  
  67  5:10  Probe, Phoenix  
  70  5:16  Probe  
  70  5:19  Twilight Council  
  71  5:23  Probe x2  
  71  5:28  Probe  
  74  5:31  Phoenix  
  74  5:32  Pylon  
  77  5:35  Probe x2  
  77  5:38  Immortal (Chrono Boost)  
  77  5:40  Probe  
  77  5:42  Gateway  
  83  5:44  Sentry, Gateway  
  83  5:46  Pylon  
  85  5:57  Probe  
  86  6:09  Gateway, Phoenix  
  86  6:11  Gateway, Observer (Chrono Boost)  
  88  6:12  Gateway  
  88  6:14  Gateway  
  88  6:16  Gateway  
  88  6:17  Charge (Chrono Boost)  
  89  6:21  Pylon  
  89  6:30  Zealot  
  91  6:34  Gateway  
  91  6:35  Gateway  
  91  6:37  Pylon  
  91  6:39  Immortal  
  91  6:42  Nexus  
  91  6:45  Pylon  
  95  6:59  Pylon  
  95  7:00  Pylon  
  95  7:01  Pylon, Zealot  
  97  7:03  Pylon  
  97  7:06  Templar Archives  
  97  7:07  Pylon  
  96  7:25  Protoss Ground Weapons Level 2  
  96  7:27  Immortal  
  96  7:30  Zealot x6  
  96  7:31  Zealot x2  
  96  7:36  Nexus  
  116  7:40  Photon Cannon  
  116  7:41  Photon Cannon  
  116  7:43  Photon Cannon  
  116  7:46  Resonating Glaives (Chrono Boost)  
  116  7:51  Zealot x7  
  118  7:52  Zealot  
  132  8:05  Immortal  
  132  8:12  Zealot x2  
  138  8:13  Zealot x4  
  138  8:17  High Templar x2  
  150  8:21  Probe x3, Assimilator  
  150  8:22  Assimilator  
  150  8:23  Archon  
  153  8:33  Pylon  
  153  8:36  Probe x2  
  153  8:40  High Templar  
  157  8:43  Warp Prism  
  157  8:47  Pylon  
  159  8:49  Pylon, High Templar  
  159  8:51  Zealot x3  
  159  8:53  Pylon  
  167  8:56  Pylon  
  167  9:01  Robotics Facility  
  167  9:06  Robotics Bay  
  167  9:07  Archon  
  167  9:13  Zealot  
  167  9:14  Zealot x4  
  175  9:33  Sentry x2  
  179  9:39  Zealot x6  
  179  9:44  Assimilator  
  191  9:46  Assimilator  
  183  10:06  Adept  
  183  10:07  Adept x7  
  178  10:12  Immortal  
  142  10:18  Immortal  
  130  10:27  Zealot x7  
  130  10:28  Zealot  
  144  10:43  Stargate  
  144  10:45  Stargate  
  144  10:49  Immortal (Chrono Boost), Dark Shrine  
  136  10:53  High Templar x3  
  146  10:58  Immortal (Chrono Boost)  
  146  10:59  High Templar, Archon  
  146  11:00  Zealot x2  
  146  11:01  Zealot x2  
  150  11:05  Archon  
  150  11:11  Gravitic Drive  
  150  11:24  Zealot x4  
  158  11:29  Zealot x3  
  164  11:35  Observer x2 (Chrono Boost)  
  166  11:40  Adept  
  166  11:45  Sentry x3  
  166  11:46  Adept  
  182  12:01  Zealot x4  
  164  12:10  Disruptor x2 (Chrono Boost)  
  164  12:13  High Templar x3  
  164  12:14  Zealot  
  152  12:19  Archon  
  148  12:26  Zealot x4  
  132  12:40  Zealot  
  140  12:52  Dark Templar x2  
Tags
 
Add a new tag
Caveats
  • Supply blocks, unpowered buildings, or Contaminate may cause inaccurate times.
  • Supply counts are checked every 10 seconds.